[Event "*** Titled Tuesday Blitz"]
[Site "Chess.com"]
[Date "2020.04.28"]
[Round "7"]
[White "robertofabregas"]
[Black "WiktoriaPOL"]
[Result "0-1"]
[WhiteElo "2091"]
[BlackElo "2034"]
[TimeControl "180+1"]
[EndTime "11:18:31 PDT"]
[Termination "WiktoriaPOL won by resignation"]

1. d4 Nf6 2. Bf4 d5 3. e3 c5 4. c3 Nc6 5. Nd2 Qb6 6. Qb3 c4 7. Qxb6 axb6 8. a3 b5 9. Ngf3 b4 10. cxb4 Nxb4 11. Rc1 Nc6 12. Be2 Bf5 13. O-O e6 14.
Nh4 Bg6 15. Nxg6 hxg6 16. Nb1 Na5 17. f3 Nb3 18. Rc3 Be7 19. Bd1 Na5 20. Ba4+ Kd8 21. Bc2 b5 22. b4 cxb3 23. Bxb3 Nc4 24. Bxc4 bxc4 25. Rf2 Kd7 26. Ra2 Nh5 27. Be5 f6 28.
Bg3 Nxg3 29. hxg3 Rhb8 30. Nd2 Bb4 31. Rcc2 Bxa3 32. e4 Bb4 33. exd5 exd5 34. Kf2 Bxd2 35. Rxd2 Rxa2 36. Rxa2 Rb7 37. Ke3 Rb3+ 38. Kd2 Rd3+ 39. Ke2 Rxd4 40. Rd2 Rxd2+ 41. Kxd2 Kc6 0-1

[Event "*** Titled Tuesday Blitz"]
[Site "Chess.com"]
[Date "2020.04.28"]
[Round "7"]
[White "Munkhzul_Turmunkh"]
[Black "Sethu0025"]
[Result "0-1"]
[WhiteElo "2515"]
[BlackElo "2816"]
[TimeControl "180+1"]
[EndTime "11:18:32 PDT"]
[Termination "Sethu0025 won by resignation"]

1. e4 g6 2. d4 Bg7 3. Nc3 a6 4.
a4 d6 5. Nf3 Nf6 6. Be2 O-O 7.
O-O Nc6 8. h3 e5 9. Be3 exd4 10.
Nxd4 Re8 11. Nxc6 bxc6 12. f3 Be6 13. Qd2 Nd7 14. Bd4 Bxd4+ 15. Qxd4 c5 16. Qd2 Qf6 17. Rfd1 g5 18. Nd5 Bxd5 19. Qxd5 Ne5 20. c3 Rab8 21.
Rab1 a5 22. Bb5 Re7 23. Rf1 Qf4 24. Rfe1 h5 25. Qd1 c4 26. Qd4 Qg3 27. Rf1 Nd3 28. Kh1 Nf4 29. Qf2 Qxf2 30. Rxf2 Nd3 31. Rd2 Ne5 32.
Rd4 c6 33. Ba6 Ra7 34. Bxc4 c5 35. Rxd6 Nxc4 36. Rd5 f6 37. Rxc5 Nxb2 38. Rc6 Kg7 39. Rc5 Nxa4 40. Rxg5+ fxg5 41. Rxb8 Nxc3 42. Rc8 Ne2 43.
Rc5 Kf6 44. Rc6+ Ke5 45. Rc5+ Kf4 46. Rf5+ Ke3 47. Rxg5 a4 48. e5 a3 49. e6 a2 50. Re5+ Kf2 0-1

[Event "*** Titled Tuesday Blitz"]
[Site "Chess.com"]
[Date "2020.04.28"]
[Round "7"]
[White "ZarinaShafigullina"]
[Black "Megagigahiper3345"]
[Result "0-1"]
[WhiteElo "2211"]
[BlackElo "2461"]
[TimeControl "180+1"]
[EndTime "11:18:32 PDT"]
[Termination "Megagigahiper3345 won by resignation"]

1. d4 Nf6 2. Nf3 b6 3. g3 Bb7 4. Bg2 g6 5. O-O Bg7 6. c4 O-O 7. Nc3 Ne4 8. Qc2 Nxc3 9. Qxc3 c5 10. Qd3 cxd4 11. Nxd4 Bxg2 12. Kxg2 Na6 13. Rd1 Nc5 14. Qf3 Rc8 15. Nb5 a6 16. Nc3 Ne6 17. Qb7 Bxc3 18. bxc3 Nc5 19. Qd5 Qc7 20. Bh6 Rfd8 21. Rd4 Qc6 22.
Rad1 d6 23. Bg5 Qxd5+ 24. cxd5 Rd7 25. Rb1 b5 26. c4 f6 27. Bd2 Rb7 28. Bb4 Nd7 29.
Ba3 Rcb8 30. cxb5 Rxb5 31. Rdb4 Rxb4 32. Rxb4 Rxb4 33. Bxb4 f5 34. f3 Nf6 35. Kf2 Nxd5 36. Bd2 Kf7 37. e4 fxe4 38. fxe4 Nf6 39. Ke3 Ng4+ 40.
Kd4 Nxh2 41. Kd5 Nf3 42. Be1 Nxe1 43. Kc6 Nd3 44. Kb6 h5 45. a4 Nc5 0-1

[Event "*** Titled Tuesday Blitz"]
[Site "Chess.com"]
[Date "2020.04.28"]
[Round "7"]
[White "jlandaw"]
[Black "Alexandercs432"]
[Result "1-0"]
[WhiteElo "2395"]
[BlackElo "2119"]
[TimeControl "180+1"]
[EndTime "11:18:32 PDT"]
[Termination "jlandaw won on time"]

1. e4 e5 2. Nf3 Nf6 3. Nxe5 d6 4. Nf3 Nxe4 5. d4 d5 6. Bd3 Nc6 7. O-O Be7 8. c4 Nb4 9. Nc3 Bf5 10. Bb1 Nxc3 11. bxc3 Bxb1 12. Rxb1 Nc6 13. Rxb7 O-O 14. Bf4 Bd6 15. Bxd6 Qxd6 16. cxd5 Qxd5 17. Rxc7 Na5 18. Qa4 Rfc8 19. Rd7 Qf5 20. Ne5 Nc4 21. Rxf7 Qe6 22. Rxa7 Rxa7 23. Qxa7 Nxe5 24. dxe5 Qxe5 25. Qd4 Qxd4 26.
cxd4 Rc2 27. Ra1 Rd2 28. a4 Rxd4 29. a5 Rd7 30. a6 Ra7 31. f4 Kf7 32. Kf2 Ke7 33. Ke3 Kd6 34. Ke4 g6 35. g4 h6 36. f5 gxf5+ 37. gxf5 h5 38. Kf4 Kd5 39. Kg5 Ke5 40. Ra5+ Kd6 41. Kxh5 Ke7 42. Kg6 Kf8 43.
f6 Kg8 44. Rb5 1-0

[Event "*** Titled Tuesday Blitz"]
[Site "Chess.com"]
[Date "2020.04.28"]
[Round "7"]
[White "NotFischer"]
[Black "KingCrusher275"]
[Result "0-1"]
[WhiteElo "2152"]
[BlackElo "2347"]
[TimeControl "180+1"]
[EndTime "11:18:32 PDT"]
[Termination "KingCrusher275 won on time"]

1. Nf3 d5 2. g3 Nf6 3. Bg2 e6 4. d4 Nbd7 5. O-O Be7 6. c4 O-O 7. Nc3 c6 8. b3 b6 9. Qc2 Bb7 10. Bb2 Rc8 11. Rac1 Ba6 12. Ne5 Nxe5 13. dxe5 Nd7 14.
Rfd1 Nxe5 15. Nxd5 cxd5 16. Bxe5 Qe8 17. Qb2 f6 18.
cxd5 fxe5 19. d6 Bf6 20. d7 Rxc1 21. Qxc1 Qd8 22. Qc6 Bxe2 23. Rd6 Be7 24. Rxe6 Bg4 25. Bd5 Bxe6 26. Qxe6+ Kh8 27. Bb7 Rf6 28. Qg4 Bc5 29.
Bc8 Rxf2 30. Kh1 Rf1+ 31. Kg2 Rg1+ 32. Kh3 Qf6 33. Qh5 Qf1+ 34. Kh4 Be7+ 35. Kg4 Qe2+ 0-1

[Event "*** Titled Tuesday Blitz"]
[Site "Chess.com"]
[Date "2020.04.28"]
[Round "7"]
[White "GMHess"]
[Black "AlexTriapishko"]
[Result "1-0"]
[WhiteElo "2893"]
[BlackElo "2745"]
[TimeControl "180+1"]
[EndTime "11:18:33 PDT"]
[Termination "GMHess won on time"]

1. d4 Nf6 2. c4 e6 3. Nc3 Bb4 4.
Qc2 d5 5. a3 Bxc3+ 6. Qxc3 dxc4 7. Qxc4 b6 8. Bg5 Ba6 9. Qa4+ Qd7 10. Qxd7+ Nbxd7 11. Nf3 O-O 12. g3 c5 13. Bg2 Rac8 14.
b4 Ne4 15. Be3 Nc3 16. dxc5 bxc5 17. Bd2 Ne4 18. Ne5 Nxe5 19. Bxe4 Nc4 20. Bc3 Nd6 21. Bf3 Nb5 22. Bb2 c4 23. O-O c3 24. Bc1 Nd4 25. Kg2 Nxe2 26. Be3 c2 27. Rfe1 Nc3 28. Rec1 Ne2 29.
Re1 Nc3 30. a4 Nd5 31. b5 Bb7 32. Bxa7 Rc4 33. a5 Ra8 34. b6 g6 35. a6 Bc6 36. b7 1-0

[Event "*** Titled Tuesday Blitz"]
[Site "Chess.com"]
[Date "2020.04.28"]
[Round "7"]
[White "Baby_Legs"]
[Black "Szparu"]
[Result "1-0"]
[WhiteElo "2699"]
[BlackElo "2506"]
[TimeControl "180+1"]
[EndTime "11:18:33 PDT"]
[Termination "Baby_Legs won on time"]

1. d4 Nf6 2. c4 g6 3. Nc3 Bg7 4. e4 d6 5. Nf3 O-O 6. h3 c5 7. d5 e6 8. Nd2 exd5 9. cxd5 Re8 10. Be2 a6 11. a4 Nbd7 12. O-O Rb8 13. Qc2 Nf8 14.
a5 Bd7 15. Re1 Nh5 16. Nc4 Bb5 17. Nxb5 axb5 18. Ne3 c4 19. Bxh5 gxh5 20. Nf5 Ng6 21. Nxg7 Kxg7 22. b3 Rc8 23. Bb2+ Kg8 24. Qc3 Re5 25.
Rac1 Qg5 26. Kh1 Nf4 27. g3 Nd3 28. Re2 Nxb2 29. Qxb2 Qg6 30. Qd4 c3 31. b4 Qf6 32.
f4 Re6 33. Qxf6 Rxf6 34. Rec2 h4 35. Rxc3 Rxc3 36. Rxc3 hxg3 37. Rxg3+ Kf8 38. f5 Rh6 39.
Kg2 Rh4 40. Rg4 1-0

[Event "*** Titled Tuesday Blitz"]
[Site "Chess.com"]
[Date "2020.04.28"]
[Round "7"]
[White "TerorPtica"]
[Black "Evgeny81"]
[Result "1/2-1/2"]
[WhiteElo "2894"]
[BlackElo "2701"]
[TimeControl "180+1"]
[EndTime "11:18:34 PDT"]
[Termination "Game drawn by repetition"]

1. d4 d5 2. c4 dxc4 3. e3 Nf6 4. Bxc4 e6 5. Nf3 a6 6. O-O b5 7. Be2 Bb7 8. a4 b4 9. b3 Nbd7 10. Bb2 c5 11. Nbd2 Be7 12. Rc1 O-O 13. Nc4 Bd5 14.
Nfd2 cxd4 15. Bxd4 Qb8 16. f3 Bc5 17. Bxc5 Nxc5 18. e4 Bxc4 19. Nxc4 Qa7 20. Kh1 Rfd8 21. Qc2 h6 22. Rfd1 Rxd1+ 23. Rxd1 Qc7 24. Nd6 Nfd7 25. f4 Qb6 26. e5 Rd8 27. Bh5 Rf8 28. h3 Qc7 29. Kh2 a5 30. Bxf7+ Rxf7 31. Nxf7 Kxf7 32. Rxd7+ Qxd7 33. Qxc5 Qd2 34. Qc7+ Kg6 35. Qc4 Qc3 36. Qe4+ Kf7 37. Qb7+ Kg6 38. Qe4+ Kf7 39. f5 exf5 40. Qxf5+ Ke7 41. e6 Qf6 42. Qxa5 Qf4+ 43. Kh1 Qf1+ 44. Kh2 Qf4+ 45. Kh1 Qc1+ 46. Kh2 Qf4+ 1/2-1/2

[Event "*** Titled Tuesday Blitz"]
[Site "Chess.com"]
[Date "2020.04.28"]
[Round "7"]
[White "Yuri202062"]
[Black "KNVB"]
[Result "0-1"]
[WhiteElo "2543"]
[BlackElo "2728"]
[TimeControl "180+1"]
[EndTime "11:18:34 PDT"]
[Termination "KNVB won by checkmate"]

1. d4 Nf6 2. c4 e6 3. Nc3 Bb4 4. e3 O-O 5. Bd3 d5 6. cxd5 exd5 7. Ne2 Re8 8. O-O Bf8 9. Bd2 c5 10. dxc5 Bxc5 11. Rc1 Nc6 12. Nb5 Bb6 13. Bc3 a6 14. Nbd4 Ne5 15. Bb1 Ne4 16. Nf4 Bg4 17. Qb3 Nc4 18.
h3 Bc8 19. Rcd1 Qg5 20. Qc2 Be6 21. Nf3 Qf5 22. Bd4 Bc7 23. b3 Bxf4 24. bxc4 Bd6 25. c5 Rac8 26. Qb2 Bb8 27. Bxg7 Qg6 28. Be5 Bxh3 29. Nh4 Bxe5 30. Nxg6 Bxb2 31. Nf4 Be6 32. Nxd5 Bxd5 33. Rxd5 Nc3 34. Rg5+ Kf8 35. Bxh7 Re6 36.
Rg8+ Ke7 37. Rxc8 Ne2+ 38. Kh2 Rh6# 0-1

[Event "*** Titled Tuesday Blitz"]
[Site "Chess.com"]
[Date "2020.04.28"]
[Round "7"]
[White "AminMolaei"]
[Black "theblitzchamp"]
[Result "0-1"]
[WhiteElo "2510"]
[BlackElo "2684"]
[TimeControl "180+1"]
[EndTime "11:18:34 PDT"]
[Termination "theblitzchamp won by resignation"]

1. d4 Nf6 2. c4 e6 3. g3 d5 4. Bg2 dxc4 5. Nf3 Be7 6. O-O O-O 7. Qc2 Nc6 8. Qxc4 Qd5 9. Qa4 Qh5 10. Rd1 Bd7 11.
Qb3 Rab8 12. Bf4 Nd5 13. Nc3 Nxf4 14. gxf4 Qh6 15. e3 Bf6 16. Ne4 Ne7 17. Nxf6+ Qxf6 18. Ne5 Rfd8 19. Rac1 c6 20. Kh1 Nd5 21. Rg1 Be8 22. Be4 g6 23. a3 Qh4 24. Qc2 Rbc8 25. Rg3 Kf8 26. Rcg1 Rc7 27. Nf3 Qh6 28. Ng5 Qg7 29.
Rh3 h6 30. Nf3 f5 31. Bd3 b6 32. b4 Rdc8 33. Ba6 Rd8 34. Bc4 Rdc8 35. Ne5 c5 36.
dxc5 bxc5 37. b5 Rd8 38. Rhg3 g5 39. fxg5 Qxe5 40. gxh6 Rh7 41. Rg8+ Ke7 42. R8g7+ Rxg7 43. hxg7 Bf7 44. Be2 Qe4+ 45. Qxe4 fxe4 46. Bh5 Rg8 47. Rc1 Bxh5 0-1

[Event "*** Titled Tuesday Blitz"]
[Site "Chess.com"]
[Date "2020.04.28"]
[Round "7"]
[White "Yaacovn"]
[Black "wonderfultime"]
[Result "0-1"]
[WhiteElo "2749"]
[BlackElo "2937"]
[TimeControl "180+1"]
[EndTime "11:18:35 PDT"]
[Termination "wonderfultime won on time"]

1. d4 d5 2. Nf3 Nf6 3. Bg5 Ne4 4. Bh4 g6 5. e3 Bg7 6. Nbd2 Nxd2 7. Qxd2 O-O 8. c4 c6 9. Rc1 Be6 10. Qb4 Na6 11. Qa3 Re8 12. cxd5 Bxd5 13. Bxa6 bxa6 14. O-O Qb6 15. Bxe7 Qb7 16. Bd6 Rad8 17. b3 h5 18. Qc5 Re6 19. Bg3 Bf8 20. Qc2 Be7 21. h4 c5 22. dxc5 Bxf3 23. gxf3 Qxf3 24. c6 Rc8 25.
c7 Bd6 26. Qd1 Qf6 27. Qd5 Qe7 28. Rfd1 Bxg3 29. Qd8+ Kh7 30. Qxc8 Qxh4 31. Qh8+ Kxh8 32. c8=Q+ Kh7 33. Rc2 Qh2+ 34. Kf1 Qh3+ 35. Kg1 Bh2+ 36. Kh1 Bc7+ 37. Kg1 Qg4+ 0-1

[Event "*** Titled Tuesday Blitz"]
[Site "Chess.com"]
[Date "2020.04.28"]
[Round "7"]
[White "ManuDavid2910"]
[Black "Igor_Lysyj"]
[Result "1-0"]
[WhiteElo "2655"]
[BlackElo "2782"]
[TimeControl "180+1"]
[EndTime "11:18:35 PDT"]
[Termination "ManuDavid2910 won by resignation"]

1. e4 e5 2. Nf3 Nc6 3. Bc4 Bc5 4. O-O Nf6 5. d4 Bxd4 6. Nxd4 Nxd4 7. f4 d6 8. fxe5 dxe5 9. Bg5 Qe7 10. Na3 Be6 11.
c3 Nc6 12. Kh1 h6 13. Bxf6 gxf6 14. Qf3 Bxc4 15. Nxc4 O-O-O 16. Ne3 Qe6 17. Nd5 Kb8 18. Qxf6 Qg4 19. Qxf7 Rc8 20. Qf5 Qe2 21. Rf2 Qd3 22. Qf3 Qb5 23. a4 Qc4 24. Qe2 Qc5 25. b4 Qd6 26. Rf6 Qd7 27. Raf1 h5 28. h3 Nd8 29. b5 Ne6 30. Qc4 Ng5 31. R1f5 Rhg8 32. h4 Ne6 33. Rxe5 Qg7 34. Qe2 Nc5 35. Rg5 Qh8 36. e5 Rcd8 37. Qc4 b6 38. a5 Rxg5 39. hxg5 Qg8 40.
axb6 axb6 41. Nxb6 Qxg5 42. Nd5 Qxe5 43. Qxc5 Qe1+ 44.
Kh2 Qh4+ 45. Kg1 Qe1+ 46. Rf1 Qe5 47. c4 1-0

[Event "*** Titled Tuesday Blitz"]
[Site "Chess.com"]
[Date "2020.04.28"]
[Round "7"]
[White "JakeCarlosBanawa"]
[Black "picturesquecheck"]
[Result "0-1"]
[WhiteElo "2301"]
[BlackElo "2150"]
[TimeControl "180+1"]
[EndTime "11:18:35 PDT"]
[Termination "picturesquecheck won on time"]

1. d4 Nf6 2. c4 e6 3. Nc3 Bb4 4.
Qc2 d5 5. cxd5 exd5 6. Bg5 h6 7. Bh4 c5 8. dxc5 Be6 9. e3 Nbd7 10. Nf3 Rc8 11. a3 Bxc3+ 12. Qxc3 g5 13. Bg3 Nxc5 14.
b4 Nce4 15. Qd4 O-O 16. Bd3 Qb6 17. O-O Rc3 18. Rfd1 Bg4 19. Be5 Rc6 20. h3 Bxf3 21. gxf3 Nc3 22. Rdc1 Qxd4 23. Bxd4 Rfc8 24. Kf1 Ne8 25. Bf5 R8c7 26. Be5 Nd6 27. Bd3 a6 28. Rxc3 Rxc3 29. Bxc3 Rxc3 30. Ke2 Nc4 31. a4 Nb2 32. Bf5 Rc4 33. b5 axb5 34. axb5 Kg7 35. Rb1 Kf6 36. e4 Rb4 37. Kf1 Rxb5 38. Kg2 Rb6 39. Bd7 Nc4 40. Rc1 Ne5 41. Bc8 d4 0-1

[Event "*** Titled Tuesday Blitz"]
[Site "Chess.com"]
[Date "2020.04.28"]
[Round "7"]
[White "DishonorOnYourCow"]
[Black "Tall-guy"]
[Result "0-1"]
[WhiteElo "2301"]
[BlackElo "2131"]
[TimeControl "180+1"]
[EndTime "11:18:35 PDT"]
[Termination "Tall-guy won by checkmate"]

1. d4 d5 2. c4 c6 3. Nf3 Nf6 4. e3 Bf5 5. Nc3 e6 6. Nh4 Be4 7. f3 Bg6 8. Qb3 Qc7 9. Bd2 Be7 10. O-O-O O-O 11. Nxg6 hxg6 12. h4 Nbd7 13. g4 Qg3 14.
Be2 dxc4 15. Qxc4 c5 16. h5 gxh5 17. Rdg1 Qd6 18. gxh5 cxd4 19. exd4 Nd5 20. Qd3 Nf4 21. Qe4 Nxe2+ 22. Nxe2 Nf6 23. Qd3 Rac8+ 24. Kb1 Qa6 25. Qxa6 bxa6 26. Nf4 Nd5 27. Nxd5 exd5 28. Bg5 Bxg5 29.
Rxg5 Kh7 30. Rxd5 Rcd8 31. Ra5 Rxd4 32. Rxa6 Rd7 33. a3 Re8 34. Rh3 Re2 35. Ra4 Rd1+ 36. Ka2 Rd3 37. Rb4 a5 38. Rf4 Re7 39. Rc4 Rb7 40.
Rc3 Rd2 41. Rc6 Rdxb2+ 42. Ka1 Rb1+ 43. Ka2 R7b2# 0-1

[Event "*** Titled Tuesday Blitz"]
[Site "Chess.com"]
[Date "2020.04.28"]
[Round "7"]
[White "KinKaiser"]
[Black "moro182"]
[Result "1-0"]
[WhiteElo "2552"]
[BlackElo "2686"]
[TimeControl "180+1"]
[EndTime "11:18:36 PDT"]
[Termination "KinKaiser won by resignation"]

1. d4 Nf6 2. Nf3 d5 3. Bf4 c5 4. e3 Nc6 5. c3 e6 6. Nbd2 Bd6 7. Bg3 O-O 8. Bb5 Be7 9. O-O Qb6 10. Qa4 Nb8 11. dxc5 Bxc5 12. Nb3 Be7 13. Ne5 Ne4 14. Be2 Nc6 15. Nxc6 Qxc6 16. Qxc6 bxc6 17. Bc7 c5 18. f3 Nf6 19. Nd2 Bd7 20. Bd3 Rfc8 21. Be5 c4 22. Bc2 Ne8 23. e4 Bc5+ 24. Kh1 f6 25. Bg3 Bb5 26.
exd5 exd5 27. Rfd1 d4 28. Be4 d3 29. Bxa8 Rxa8 30.
b3 cxb3 31. axb3 f5 32. c4 Bc6 33. Be5 Rd8 34. Bc3 Nc7 35. b4 Be3 36. b5 Ba8 37. Ba5 Rd7 38. Nf1 f4 39. Bxc7 Rxc7 40. Rxd3 Rxc4 41.
Rd8+ Kf7 42. Rxa8 1-0

[Event "*** Titled Tuesday Blitz"]
[Site "Chess.com"]
[Date "2020.04.28"]
[Round "7"]
[White "verdest"]
[Black "TERMINATOR_PC"]
[Result "1/2-1/2"]
[WhiteElo "2578"]
[BlackElo "2418"]
[TimeControl "180+1"]
[EndTime "11:18:36 PDT"]
[Termination "Game drawn by repetition"]

1. d4 Nf6 2. c4 g6 3. Nc3 Bg7 4. e4 d6 5. Bd3 O-O 6. Nge2 c5 7. d5 Na6 8. O-O e6 9. Bg5 e5 10. Qd2 Qe8 11. a3 Nh5 12. Ng3 Nf4 13. Bxf4 exf4 14. Qxf4 Qe7 15. Rae1 Nc7 16. Kh1 a6 17. Qd2 b5 18.
cxb5 axb5 19. Nxb5 Nxb5 20. Bxb5 Ba6 21. Bxa6 Rxa6 22.
f4 Rb6 23. e5 Rfb8 24. b4 cxb4 25. axb4 Rxb4 26. Ne4 dxe5 27. f5 Rd4 28. Qf2 gxf5 29.
Qxf5 Rxd5 30. Ng5 f6 31. Qxh7+ Kf8 32. Qg6 Kg8 33. Ne4 Rf8 34. Rf5 Rd4 35. Rh5 Qb4 36. Qh7+ Kf7 37. Ng5+ fxg5 38. Qf5+ Kg8 39. Qh7+ Kf7 40.
Qf5+ Kg8 41. Qh7+ Kf7 1/2-1/2

[Event "*** Titled Tuesday Blitz"]
[Site "Chess.com"]
[Date "2020.04.28"]
[Round "7"]
[White "StockholmMissile"]
[Black "SharapovEvgeny"]
[Result "1/2-1/2"]
[WhiteElo "2468"]
[BlackElo "2320"]
[TimeControl "180+1"]
[EndTime "11:18:36 PDT"]
[Termination "Game drawn by agreement"]

1. d4 d5 2. c4 c6 3. Nf3 Nf6 4.
Nc3 e6 5. e3 Nbd7 6. Bd3 dxc4 7. Bxc4 b5 8. Bd3 Bb7 9. O-O b4 10. Na4 c5 11. dxc5 Bxc5 12. Nxc5 Nxc5 13. Bb5+ Ke7 14.
b3 Qb6 15. Bc4 Rhd8 16. Qe2 Nce4 17. Bb2 Rac8 18. a3 a5 19. axb4 axb4 20. Nd4 Kf8 21.
Rfc1 Nd5 22. Qg4 Nec3 23. Bd3 h6 24. Bc4 Ra8 25. h3 Rxa1 26. Rxa1 Ra8 27. Rxa8+ Bxa8 28. Qg3 Qc7 29. Qxc7 Nxc7 30. Nc2 N7d5 31. Nxb4 Nd1 32. Ba3 Ke8 33. Bb5+ Kd8 34. Nxd5 Bxd5 35. b4 Nc3 36. Bd3 Be4 37. Bf1 Nd5 38. f3 Bc2 39. e4 Nf4 40. Kf2 e5 41. g3 Ne6 42.
Bb2 f6 43. Bc4 Kd7 44. f4 exf4 45. Bxe6+ Kxe6 46. gxf4 1/2-1/2

[Event "*** Titled Tuesday Blitz"]
[Site "Chess.com"]
[Date "2020.04.28"]
[Round "7"]
[White "axvesik"]
[Black "colegiodemadrid"]
[Result "0-1"]
[WhiteElo "2456"]
[BlackElo "2314"]
[TimeControl "180+1"]
[EndTime "11:18:36 PDT"]
[Termination "colegiodemadrid won on time"]

1. e4 e5 2. Nf3 Nc6 3. Bb5 g6 4. d4 exd4 5. c3 dxc3 6. Nxc3 h6 7. O-O Bg7 8. Nd5 Nge7 9. Bf4 d6 10. Qd2 a6 11.
Ba4 g5 12. Be3 b5 13. Bb3 Bg4 14. Nd4 Ne5 15. Rac1 c5 16. Ne2 c4 17. Bc2 Nxd5 18.
exd5 Qd7 19. Nd4 c3 20. Qxc3 Rc8 21. Qe1 O-O 22. f3 Bh5 23. Bf5 Rxc1 24. Qxc1 Qe7 25. Re1 Qf6 26. Bf2 Bg6 27. b3 Bxf5 28. Nxf5 Qxf5 29.
Rd1 g4 30. f4 Ng6 31. g3 h5 32. Qc6 h4 33. Qxd6 h3 34. Qb4 Qc2 35. Re1 Rd8 36.
d6 Qc6 37. Qe4 Qxd6 0-1

[Event "*** Titled Tuesday Blitz"]
[Site "Chess.com"]
[Date "2020.04.28"]
[Round "7"]
[White "imdarealist"]
[Black "Rodalquilar"]
[Result "0-1"]
[WhiteElo "2305"]
[BlackElo "2619"]
[TimeControl "180+1"]
[EndTime "11:18:37 PDT"]
[Termination "Rodalquilar won by resignation"]

1. d4 Nf6 2. Bf4 d5 3. e3 e6 4. Nf3 Bd6 5. Bg3 O-O 6. c3 c5 7. Nbd2 Qc7 8. Bd3 Nbd7 9. Rc1 e5 10. dxe5 Nxe5 11. Nxe5 Bxe5 12. c4 d4 13. exd4 Bxg3 14. hxg3 Re8+ 15. Be2 Bg4 16. Nf3 cxd4 17. O-O Rad8 18. Bd3 Qc5 19. Re1 Qh5 20. Rxe8+ Rxe8 21.
b4 Nd7 22. Qc2 Bxf3 23. gxf3 Ne5 24. Be4 Nxf3+ 25. Bxf3 Qxf3 26. Rf1 d3 27. Qa4 Rd8 28. c5 d2 29. Rd1 b5 30. Qb3 Rd3 31. Qc2 Qe2 32. c6 Rc3 33. Qxc3 Qxd1+ 34. Kg2 Qc1 35. Qc5 Qxc5 36. bxc5 d1=Q 37. c7 Qd5+ 38. Kh3 Qc6 0-1

[Event "*** Titled Tuesday Blitz"]
[Site "Chess.com"]
[Date "2020.04.28"]
[Round "7"]
[White "putra48"]
[Black "eightbyeightchess"]
[Result "0-1"]
[WhiteElo "2601"]
[BlackElo "2508"]
[TimeControl "180+1"]
[EndTime "11:18:37 PDT"]
[Termination "eightbyeightchess won by resignation"]

1. e4 e6 2. d4 d5 3. Nc3 Nf6 4. e5 Nfd7 5. f4 c5 6. Nf3 Nc6 7. Be3 cxd4 8. Nxd4 Bc5 9. Qd2 a6 10. O-O-O O-O 11. h4 Bxd4 12. Bxd4 b5 13. h5 b4 14.
Ne2 Qa5 15. Kb1 Nxd4 16. Nxd4 Qb6 17. g4 Nc5 18. Bd3 a5 19. f5 exf5 20. gxf5 Ba6 21. f6 Bxd3 22. cxd3 Ne6 23. Nf5 Kh8 24. fxg7+ Nxg7 25. Nxg7 Kxg7 26. Qg5+ Kh8 27. Rdf1 Rg8 28. Qf5 Ra7 29. d4 b3 30. axb3 a4 31.
bxa4 Rg2 32. Qc8+ Kg7 33. Qc3 Rc7 34. h6+ Kf8 35. Qa3+ Ke8 36. Rc1 Rb7 37. Rc2 Rxc2 38. Kxc2 Qxd4 39. Rd1 Rc7+ 0-1

[Event "*** Titled Tuesday Blitz"]
[Site "Chess.com"]
[Date "2020.04.28"]
[Round "7"]
[White "Chichin_chao"]
[Black "Lunow"]
[Result "1-0"]
[WhiteElo "2366"]
[BlackElo "2207"]
[TimeControl "180+1"]
[EndTime "11:18:37 PDT"]
[Termination "Chichin_chao won on time"]

1. e4 c5 2. Nf3 d6 3. c3 Nf6 4. h3 Nc6 5. Bd3 d5 6. exd5 Qxd5 7. Qe2 Qe6 8. O-O Qxe2 9. Bxe2 e6 10.
Na3 Be7 11. Nc4 O-O 12. d3 b6 13. a4 Bb7 14. a5 b5 15. a6 Bc8 16. Nce5 Nxe5 17. Nxe5 Bd6 18. Bf3 Rb8 19. d4 cxd4 20. Nc6 Rb6 21. Nxd4 Rxa6 22. Rxa6 Bxa6 23. Bg5 b4 24. Ra1 bxc3 25. bxc3 Bc4 26. Rxa7 Rb8 27. g3 Nd5 28. Bd2 h6 29. Nc6 Rb2 30. Na5 Bd3 31.
c4 Rxd2 32. cxd5 Bc5 33. Ra8+ Kh7 34. Nb3 Bxf2+ 35. Kh1 Rb2 36. dxe6 fxe6 37. Nc1 Rb1 38. Kg2 Rxc1 39. Kxf2 Bc4 40. Rc8 Rc2+ 41. Ke3 Bd3 42. Re8 Rc3 43. Kd4 Ra3 44. Rxe6 Bf5 45. Re3 Rxe3 46.
Kxe3 1-0

[Event "*** Titled Tuesday Blitz"]
[Site "Chess.com"]
[Date "2020.04.28"]
[Round "7"]
[White "vanyakuba"]
[Black "stoleriu"]
[Result "0-1"]
[WhiteElo "2401"]
[BlackElo "2548"]
[TimeControl "180+1"]
[EndTime "11:18:38 PDT"]
[Termination "stoleriu won on time"]

1. e4 e6 2. d4 d5 3. exd5 exd5 4. Nf3 Nc6 5. c4 Nf6 6. Nc3 Be7 7. cxd5 Nxd5 8. Bc4 Nb6 9. Bb3 Na5 10. Bc2 Bg4 11.
O-O O-O 12. h3 Bh5 13. Be3 Nac4 14. b3 Nd6 15. g4 Bg6 16. Ne5 Bxc2 17. Qxc2 f6 18.
Nc4 Kh8 19. Ne2 Nd5 20. Nf4 Nxf4 21. Bxf4 Nxc4 22. Qxc4 Bd6 23. Bxd6 Qxd6 24. Rac1 c6 25. Qc5 Rad8 26. Qxa7 Rf7 27. Rfd1 Rfd7 28. Qc5 Qf4 29. Rc3 Rd5 30. Qe7 h5 31. Qe3 Qd6 32. Rcd3 Kg8 33.
Re1 hxg4 34. hxg4 Rxd4 35. Rxd4 Qxd4 36. Qe6+ Kh8 37. Re3 Qd1+ 38. Kg2 Qd5+ 39. Qxd5 Rxd5 40. Re7 Rb5 0-1

[Event "*** Titled Tuesday Blitz"]
[Site "Chess.com"]
[Date "2020.04.28"]
[Round "7"]
[White "Arjun2002"]
[Black "rasmussvane"]
[Result "1-0"]
[WhiteElo "2697"]
[BlackElo "2843"]
[TimeControl "180+1"]
[EndTime "11:18:39 PDT"]
[Termination "Arjun2002 won by resignation"]

1. e4 c6 2. d4 d5 3. e5 Bf5 4.
h4 h5 5. Bd3 Bxd3 6. Qxd3 Qa5+ 7. Nd2 e6 8. Nf3 Nh6 9. O-O Nf5 10. c3 Be7 11. g3 Qa6 12. Qc2 c5 13. dxc5 Bxc5 14.
Nb3 Nd7 15. Re1 Rc8 16. Nxc5 Nxc5 17. Nd4 Nd3 18. Nxf5 Nxe1 19. Nxg7+ Kf8 20. Qd1 Kxg7 21. Qxe1 Qd3 22. Bg5 Rhg8 23. Rd1 Qf5 24. b3 Kh7 25. Rd4 Rxg5 26. hxg5 Qxg5 27. Rf4 Kg7 28. Qe3 Qg6 29. Rf6 Qh7 30. Qg5+ Kf8 31. Rh6 Qb1+ 32. Kh2 Ke8 33. Rh8+ Kd7 34. Rxc8 Kxc8 35. Qg8+ Kd7 36. Qxf7+ Kd8 37.
Qf8+ Kd7 38. Qd6+ Kc8 39. Qxe6+ Kc7 40. Qd6+ Kc8 41. e6 Qh7 42. Qxd5 Qe7 43. Qd7+ Qxd7 44. exd7+ Kxd7 45. Kh3 Ke6 46. Kh4 b5 47. Kxh5 Kf6 48. g4 Kf7 49. g5 b4 50. c4 1-0

[Event "*** Titled Tuesday Blitz"]
[Site "Chess.com"]
[Date "2020.04.28"]
[Round "7"]
[White "TudorAnton"]
[Black "2L8IWUN"]
[Result "1-0"]
[WhiteElo "2526"]
[BlackElo "2688"]
[TimeControl "180+1"]
[EndTime "11:18:39 PDT"]
[Termination "TudorAnton won by resignation"]

1. d4 Nf6 2. c4 e6 3. Nc3 d5 4. Bg5 Nbd7 5. e3 h6 6. Bh4 Be7 7. Nf3 O-O 8. Be2 c5 9. cxd5 Nxd5 10. Bxe7 Nxe7 11. O-O b6 12. dxc5 Nxc5 13. Qxd8 Rxd8 14. b4 Nd7 15. Rfd1 Bb7 16. Nb5 Nd5 17. Nd6 Bc8 18. Rac1 N7f6 19. Nxc8 Rdxc8 20. a3 Nc3 21. Ba6 Rc7 22.
Kf1 Nfd5 23. Rd3 f5 24. Nd4 Re8 25. Rc2 Kf7 26. Ke1 Rd8 27. Nf3 Kf6 28. Nd2 b5 29. Nb3 Nxb4 30. Rxd8 Nxc2+ 31. Kd2 Ne4+ 32. Ke2 Nxa3 33.
f3 Rc2+ 34. Ke1 Nc3 35. Nd4 Rxg2 36. Rd6 Nc2+ 37. Nxc2 Rxc2 38. Kf1 Rc1+ 39. Kg2 Nd1 40. Bxb5 Nxe3+ 41. Kf2 Nd5 42. Bd7 Rc2+ 43. Ke1 Nf4 44.
Ra6 Ke5 45. Ba4 Nd5 46. Bxc2 1-0

[Event "*** Titled Tuesday Blitz"]
[Site "Chess.com"]
[Date "2020.04.28"]
[Round "7"]
[White "mbachez"]
[Black "AlexZambrano"]
[Result "1/2-1/2"]
[WhiteElo "2494"]
[BlackElo "2373"]
[TimeControl "180+1"]
[EndTime "11:18:39 PDT"]
[Termination "Game drawn by repetition"]

1. e4 d5 2. exd5 Qxd5 3. Nc3 Qd6 4. d4 c6 5. g3 Nf6 6. Bg2 Bg4 7. Nf3 Nbd7 8. h3 Bxf3 9. Bxf3 e6 10. a3 Qc7 11.
Qe2 Bd6 12. h4 O-O-O 13. Be3 Nd5 14. Ne4 Nxe3 15. Nxd6+ Qxd6 16. Qxe3 e5 17. O-O-O exd4 18. Rxd4 Qe5 19. Qc3 Qf6 20. Rhd1 Ne5 21. Bg2 Rxd4 22. Qxd4 Rd8 23. Qxa7 Rxd1+ 24. Kxd1 Nc4 25. Qc5 Qd8+ 26. Kc1 Qd2+ 27. Kb1 Qd1+ 28. Ka2 Qxc2 29. Bh3+ Kc7 30. Qe7+ Kb6 31. Qb4+ Kc7 32. Bf1 Nd2 33. Qe7+ Kb6 34. Qe3+ Kc7 35. Bd3 Qb3+ 36. Ka1 Qd1+ 37. Ka2 Qb3+ 38.
Ka1 Qd1+ 39. Ka2 Qb3+ 1/2-1/2